 Dungeon Crawl Stone Soup version 0.31-a0-255-g9c3d1c461a (webtiles) character file.

Game seed: 13017937875627808707

75 qw the Shooter (level 4, -1/36 HPs)
             Began as a Minotaur Hexslinger on July 12, 2023.
             Slain by Grinder (9 damage)
             ... on level 3 of the Dungeon.
             The game lasted 00:00:34 (1878 turns).

qw the Shooter (Minotaur Hexslinger)                Turns: 1878, Time: 00:00:35

Health: -1/36      AC:  2    Str: 13    XL:     4   Next: 11%
Magic:  4/4        EV: 12    Int: 10    God:
Gold:   120        SH:  0    Dex: 14    Spells: 4/5 levels left

rFire   . . .        Y - +1 sling
rCold   . . .        (no shield)
rNeg    . . .        c - +0 robe
rPois   .            (helmet restricted)
rElec   .            (no cloak)
rCorr   .            (no gloves)
SInv    .            (no boots)
Will    .....        (no amulet)
Stlth   +            (no ring)
HPRegen 0.26/turn    (no ring)
MPRegen 0.09/turn

%: no passive effects
@: no status effects
A: horns 2, retaliatory headbutt
a: no special abilities


You were on level 3 of the Dungeon.
You visited 1 branch of the dungeon, and saw 3 of its levels.

You collected 120 gold pieces.


Innate Abilities, Weirdness & Mutations

You have a pair of horns on your head.
You reflexively headbutt those who attack you in melee.


   Skills:
 - Level 2.0 Fighting
 + Level 4.6 Ranged Weapons
 - Level 2.1 Dodging
 - Level 1.0 Spellcasting
 - Level 2.0 Hexes


You had 4 spell levels left.
You knew the following spells:

 Your Spells              Type           Power      Damage    Failure   Level
a - Slow                  Hex            16%        N/A       16%         1

Your spell library contained the following spells:

 Spells                   Type           Power      Damage    Failure   Level
 Inner Flame              Hex/Fire       2%         N/A       56%         3
 Portal Projectile        Hex/Tloc       4%         N/A       56%         3
 Cause Fear               Hex            2%         N/A       83%         4

Inventory:

Hand Weapons
 Y - a +1 sling (weapon)
Armour
 c - a +0 robe (worn)
Scrolls
 b - a scroll of silence {unknown}
Potions
 a - 3 potions of curing
 d - a potion of degeneration {unknown}
 f - a potion of magic {unknown}

Dungeon Overview and Level Annotations

Branches:
Dungeon (3/15)

Altars:

Annotations:
D:3 Grinder


Message History

You shoot a sling bullet. The sling bullet hits Grinder!
Grinder is lightly wounded.
You shoot a sling bullet. The sling bullet hits Grinder.
Grinder is moderately wounded.
Grinder gestures at you.
You barely resist. You shoot a sling bullet.
The sling bullet barely misses Grinder.
You shoot a sling bullet.
The sling bullet completely misses Grinder.
You shoot a sling bullet. The sling bullet hits Grinder.
Grinder is moderately wounded.
Grinder misses you.
You shoot a sling bullet. The sling bullet barely misses Grinder.
Grinder barely misses you.
You shoot a sling bullet. The sling bullet hits Grinder.
Grinder is moderately wounded.
Grinder barely misses you. You furiously retaliate!
You headbutt Grinder! You shoot a sling bullet.
The sling bullet closely misses Grinder.
Grinder gestures at you.
You barely resist. Grinder hits you!
You shoot a sling bullet.
The sling bullet closely misses Grinder.
Grinder barely misses you.
You shoot a sling bullet. The sling bullet hits Grinder.
Grinder is severely wounded.
Grinder says, "There's only one good use for a tongue: cutting it out."
Grinder hits you!
You shoot a sling bullet.
The sling bullet closely misses Grinder.
Grinder hits you!
You writhe in agony.
You shoot a sling bullet. The sling bullet barely misses Grinder.
Grinder says, "You look like you could use a good racking."
Grinder completely misses you.
You shoot a sling bullet. The sling bullet barely misses Grinder.
Grinder misses you.
You shoot a sling bullet. The sling bullet hits Grinder.
Grinder is severely wounded.
Grinder hits you!
You die...

#..#.#######..####.###.##
#........................
...#.########......###
####.# ########..# ####.#
.......#..# .?...#
.......#..# .....#
.......#..###)# .....#
.......#......## .....#
......5@......... .....#
.............##.. .....#
.............# .....#
.............# .....#
.......#....... ....<#
.......#........ ....##
########........ ....#
#.....?.. #####


You could see Grinder.

Vanquished Creatures
  4 adders
  A worm (D:2)
  A dart slug (D:1)
  5 ball pythons
  2 endoplasms (D:1)
  5 goblins
  A hobgoblin (D:1)
  3 quokkas (D:2)
  2 bats (D:2)
  3 frilled lizards
  5 kobolds
  3 rats
35 creatures vanquished.

Notes
Turn   | Place    | Note
-------+----------+-------------------------------------------
     0 | D:1      | qw the Minotaur Hexslinger began the quest for the Orb.
     0 | D:1      | Reached XP level 1. HP: 16/16 MP: 1/1
     0 | D:1      | 0 ||| qw: Version: 0.3-a-52-g30416fa
     0 | D:1      | 0 ||| qw: Game counter: 6657
     0 | D:1      | 0 ||| qw: Melee chars always use a shield: true
     0 | D:1      | 0 ||| qw: God list: Okawaru
     0 | D:1      | 0 ||| qw: Allow faded altars: false
     0 | D:1      | 0 ||| qw: Do Orc after clearing Dungeon:15 true
     0 | D:1      | 0 ||| qw: Do second Lair branch before Depths: true
     0 | D:1      | 0 ||| qw: Lair rune preference: random
     0 | D:1      | 0 ||| qw: Goals: Normal
     0 | D:1      | 0 ||| PLANNING D:1-11
   188 | D:1      | Reached skill level 3 in Ranged Weapons
   250 | D:1      | Reached XP level 2. HP: 18/23 MP: 2/2
   490 | D:1      | Found a faded altar of an unknown god.
   526 | D:1      | 526 ||| DROPPING scarf of harm.
   527 | D:1      | 527 ||| READING scroll labelled CEOCIA FYXIRPH.
   528 | D:1      | 528 ||| READING scroll labelled ROGURH LIDGH.
   529 | D:1      | 529 ||| READING scroll labelled KUIBUAH ATRUDGH.
   530 | D:1      | 530 ||| DROPPING scroll of poison.
   565 | D:2      | 565 ||| STAIRDANCE
   641 | D:2      | Reached XP level 3. HP: 29/29 MP: 3/3
   691 | D:2      | HP: 7/29 [poisoned by an adder]
   692 | D:2      | Reached skill level 4 in Ranged Weapons
  1413 | D:2      | Reached XP level 4. HP: 36/36 MP: 4/4
  1618 | D:2      | 1618 ||| DROPPING scarf of harm.
  1619 | D:2      | 1619 ||| READING scroll labelled AHUSAUKHLIP.
  1620 | D:2      | 1620 ||| READING scroll labelled UMOTAN JECENU.
  1621 | D:2      | 1621 ||| READING scroll labelled ALEMIONEOLYKH.
  1683 | D:2      | 1683 ||| READING scroll labelled UFUMEM LIVISHA.
  1684 | D:2      | 1684 ||| DRINKING 4 red potions.
  1861 | D:3      | Noticed Grinder
  1875 | D:3      | HP: 7/36 [Grinder (5)]
  1878 | D:3      | Slain by Grinder

Levels and vault maps discovered:
D:1:      spicycebolla_arrival_clurvy, layout_rooms, serial_forest,
          infiniplex_forest_lined_corner, infiniplex_forest_lined_room_3,
          infiniplex_forest_clump_cross, infiniplex_forest_lined_2,
          infiniplex_forest_clump_small, infiniplex_forest_zigzag_1,
          basic_ecumenical_altar, minmay_hedge_maze
D:2:      layout_basic, minmay_misc_feat_roman, minmay_misc_feat_enclosed,
          minmay_bisected
D:3:      layout_basic, chequers_temple_overflow_statue_of_worship, uniq_grinder

Skill      XL: |  1  2  3 |
---------------+----------+-----
Ranged Weapons | 3 4 |  4.6
Fighting       | 2 |  2.0
Dodging        | |  2.1
Spellcasting   | |  1.0
Hexes          | |  2.0

Action                     |  1- 3 |  4- 6 || total
---------------------------+-------+-------++-------
   Fire: Sling             |    95 |    22 ||   117
    Use: Scroll            |     3 |     4 ||     7
         Potion            |       |     1 ||     1
 Armour: Robe              |     6 |       ||     6
  Dodge: Dodged            |    24 |     6 ||    30

Table legend:
 A = Non-vault XP
 B = Vault XP
 C = Vault XP percentage of total XP
 D = Non-vault monster count
 E = Vault monster count
 F = Vault count percentage of total count
                 A         B        C        D         E       F
            +---------+---------+-------+---------+---------+-------
      Total |     105 |       3 |   2.8 |      33 |       2 |   5.7
            +---------+---------+-------+---------+---------+-------
        D:1 |      35 |       0 |   0.0 |      14 |       0 |   0.0
        D:2 |      67 |       3 |   4.3 |      17 |       2 |  10.5
        D:3 |       3 |       0 |   0.0 |       2 |       0 |   0.0
            +---------+---------+-------+---------+---------+-------
